 Dungeon Sprint DCSS version 0.23.0-3-gf3c87f2 (webtiles) character file.

Game seed: 243059115634163396

48 nuthulu the Blocker (level 7, -1/76 HPs)
             Began as a Gargoyle Fighter on Feb 24, 2019.
             Was an Initiate of Okawaru.
             Slain by a merfolk
             ... wielding a +0 trident
              (16 damage)
             ... in the Dungeon (Sprint VI: "Thunderdome").
             The game lasted 00:02:18 (367 turns).

nuthulu the Blocker (Gargoyle Fighter)               Turns: 367, Time: 00:02:19

Health: -1/76      AC: 13    Str: 27    XL:     7   Next: 69%
Magic:  7/7        EV:  9    Int:  8    God:    Okawaru [......]
Gold:   280        SH: 12    Dex:  9    Spells: 6/6 levels left

rFire    . . .     SeeInvis .   a - +0 flail
rCold    . . .     Gourm    .   c - +0 shield
rNeg     + . .     Faith    .   b - +0 scale mail
rPois    ∞         Spirit   .   (no helmet)
rElec    +         Reflect  .   (no cloak)
rCorr    .         Harm     .   (no gloves)
MR       .....     NoTele   +   (no boots)
Stlth    ..........             (no amulet)
HPRegen  0.22/turn              (no ring)
MPRegen  0.10/turn              (no ring)

@: berserking, hasted, very quick
A: negative energy resistance 1, electricity resistance, unbreathing,
petrification resistance, rot immunity, AC +4
a: Renounce Religion


You were in the Dungeon.
You worshipped Okawaru.
Okawaru was noncommittal.
You were not hungry.

You visited 1 branch You collected 280 gold pieces.

Inventory:

Hand Weapons
 a - a +0 flail (weapon)
Armour
 b - a +0 scale mail (worn)
 c - a +0 shield (worn)
Wands
 l - a wand of acid (5)
 m - a wand of iceblast (5)
Scrolls
 k - 4 scrolls of blinking
 n - 2 scrolls of fog
Potions
 e - a potion of curing
 h - a potion of haste
 i - 2 potions of magic
 o - a potion of resistance
 p - a potion of ambrosia {unknown}
Comestibles
 f - a ration


   Skills:
 + Level 9.5 Fighting
 + Level 8.4 Maces & Flails
 + Level 9.5 Armour
 + Level 9.5 Shields


You had 6 spell levels left.
You didn't know any spells.
Your spell library was empty.

Dungeon Overview and Level Annotations

Branches:
Dungeon (1/1)

Altars:
Cheibriados
Dithmenos
Fedhas
Gozag
Kikubaaqudgha
Makhleb
Okawaru
Qazlal
Ru
Sif Muna
Trog
Uskayaw
Vehumet
Wu Jian
Xom
Yredelemnul
Zin
The Shining One
Beogh
Jiyva
Lugonu

Shops:
D *[%??*?*:[((!!!!


Innate Abilities, Weirdness & Mutations

You are resistant to torment.
Your stone body is resilient. (AC +4)
You are immune to poison.
You resist negative energy. (rN+)
You are resistant to electric shocks. (rElec)
You can survive without breathing.
You are immune to petrification.
You are immune to rotting.


Message History

The hippogriff barely misses you.
You feel yourself speed up.
A centaur comes into view.
The hippogriff bites you but does no damage.
The hippogriff closely misses you. The hippogriff claws you.
* * * LOW HITPOINT WARNING * * *
The centaur shouts!
You hit the hippogriff.
The hippogriff is lightly wounded.
The centaur wields a +0 shortbow.
The centaur shoots an arrow.
You block the arrow.
A red film seems to cover your vision as you go berserk!
You feel yourself moving faster!
You feel mighty! You block the hippogriff's attack. x2
The hippogriff claws you but does no damage.
The centaur shoots an arrow.
You block the arrow.
You bludgeon the hippogriff!!
The hippogriff is heavily wounded.
The merfolk hits you from afar with a +0 trident!
You die...

#∩.......∩# #........_#
#_......._# #........_#
###.........###
#⌠...........⌠#
######.8.......[.8.####
##∩___..H...###......___
###∩....[@..8.# #.8.......
##......÷......###.........
#⌠..†.††..m.###..c###....[.
#⌠)...†.....# #.<.# #......
#⌠..........###...###......
##....((.......###.........
###∩...(....8.# #.8.......
##∩___(.....###......___
######.8.........8.####


You could see a merfolk, a hippogriff and a centaur.

Vanquished Creatures
  Sigmund (D)
  A soldier ant (D)
  A centaur (D)
  A killer bee (D)
  Jessica (D)
  Terence (D)
  3 worker ants (D)
  An adder (D)
  An ooze (D)
11 creatures vanquished.

Vanquished Creatures (others)
  A merfolk (D)
1 creature vanquished.

Grand Total: 12 creatures vanquished

Notes
Turn   | Place    | Note
-------+----------+-------------------------------------------
     0 | D        | nuthulu the Gargoyle Fighter began the quest for the Orb.
     0 | D        | Reached XP level 1. HP: 14/14 MP: 1/1
     1 | D        | Found a radiant altar of Vehumet.
     1 | D        | Found a stormy altar of Qazlal.
     2 | D        | Found a hide-covered altar of Uskayaw.
     2 | D        | Found a shimmering altar of Xom.
     3 | D        | Found an ornate altar of the Wu Jian Council.
     3 | D        | Found a burning altar of Makhleb.
     4 | D        | Found Zisi's Identification Station.
     4 | D        | Found a basalt altar of Yredelemnul.
     4 | D        | Found an opulent altar of Gozag.
     4 | D        | Found Giobyor's Delicious Food.
     5 | D        | Found Caut's Advanced Armour.
     5 | D        | Found Vaddagru's Jewellery.
     5 | D        | Round 1.
    21 | D        | Noticed Sigmund
    25 | D        | Reached XP level 2. HP: 20/20 MP: 2/2
    34 | D        | Killed Sigmund
    34 | D        | Reached skill level 5 in Maces & Flails
    34 | D        | Reached XP level 3. HP: 26/28 MP: 3/3
    34 | D        | Reached XP level 4. HP: 29/32 MP: 4/4
    34 | D        | Reached XP level 5. HP: 34/37 MP: 5/5
    38 | D        | Found a deep blue altar of Sif Muna.
    40 | D        | Found Ysufur's Magic Scroll Shop.
    41 | D        | Found a sacrificial altar of Ru.
    41 | D        | Found a shadowy altar of Dithmenos.
    41 | D        | Found a glowing silver altar of Zin.
    41 | D        | Found Apnull's Staff Store.
    41 | D        | Found Ysiomiuc's Magic Scroll Shop.
    41 | D        | Found Maad's Must-Have Magic.
    43 | D        | Noticed Jessica
    45 | D        | Found a bloodstained altar of Trog.
    46 | D        | Found a roughly hewn altar of Beogh.
    47 | D        | Found a snail-covered altar of Cheibriados.
    48 | D        | Found Wiqen's Distillery.
    54 | D        | Killed Jessica
    59 | D        | Noticed Terence
    60 | D        | Found Qetityaq's Distillery.
    60 | D        | Found Yjucog's Bottled Wisdom.
    60 | D        | Found a glowing golden altar of the Shining One.
    60 | D        | Found an ancient bone altar of Kikubaaqudgha.
    60 | D        | Found an iron altar of Okawaru.
    60 | D        | Found Dagriele's Do-It-Yourself Clinic.
    73 | D        | Killed Terence
    75 | D        | Arena points: 12 (+12) [x2]
    84 | D        | Became a worshipper of Warmaster Okawaru
    88 | D        | Found a blossoming altar of Fedhas.
    88 | D        | Found a viscous altar of Jiyva.
    89 | D        | Found Lyrghoyrch's Weapon Rack.
    91 | D        | Found a corrupted altar of Lugonu.
    91 | D        | Found Zejod's Premium Goods.
    92 | D        | Found Nehyud's Basic Armour.
    92 | D        | Found Ywky's Miscellaneous Merchandise.
   135 | D        | Round 2.
   147 | D        | Reached XP level 6. HP: 41/44 MP: 6/6
   197 | D        | Noticed a soldier ant
   222 | D        | Killed a soldier ant
   222 | D        | Arena points: 48 (+36) [x3]
   222 | D        | Reached XP level 7. HP: 31/50 MP: 7/7
   282 | D        | Round 3.
   283 | D        | Noticed a merfolk
   303 | D        | HP: 1/50 [centaur/arrow (12)]
   309 | D        | Killed a merfolk
   359 | D        | Noticed a merfolk
   360 | D        | Noticed a hippogriff
   367 | D        | Slain by a merfolk

Skill      XL: |  1  2  3  4  5  6  7 |
---------------+----------------------+-----
Fighting       | 4 6 7 8 9 |  9.5
Armour         | 4 6 7 8 9 |  9.5
Shields        | 4 6 7 8 9 |  9.5
Maces & Flails | 5 6 7 8 |  8.4

Action                   |  1- 3 |  4- 6 |  7- 9 || total
-------------------------+-------+-------+-------++-------
Melee: Flail             |    11 |    69 |    30 ||   110
Throw: Throwing net      |       |       |     1 ||     1
  Use: Potion            |     1 |     2 |     6 ||     9
       Scroll            |       |       |     1 ||     1
Armor: Scale mail        |     6 |    23 |     7 ||    36
Dodge: Dodged            |     6 |    22 |     8 ||    36
Block: Shield            |     2 |    42 |    18 ||    62
